[ PARTIDA AOE2 · #478212246 ]
Team RMJemeres vs Italians
[ ANÁLISIS DE REPETICIÓN · EXTRAÍDO DE LA PARTIDA GRABADA ]
Feudal
10:34
Castillos
14:29
Imperial
27:46
| APM promedio | 52.5 |
| APM pico | 89 |
| eAPM promedio | 33.9 |
| Aldeanos / militares | 170 / 331 |
Foco
⚔️ 28.4% · 🌾 71.6%
Battle Elephant ×162 · Scout Cavalry ×92 · Scorpion ×68 · Trebuchet (Packed) ×5 · Knight ×2 · Monk ×2
Feudal
12:12
Castillos
15:47
Imperial
30:17
| APM promedio | 24.4 |
| APM pico | 85 |
| eAPM promedio | 14.7 |
| Aldeanos / militares | 130 / 299 |
Foco
⚔️ 35.0% · 🌾 65.0%
Skirmisher ×152 · Knight ×70 · Scout Cavalry ×66 · Trebuchet (Packed) ×7 · Monk ×4
Feudal
14:10
Castillos
22:02
Imperial
—
| APM promedio | 8.2 |
| APM pico | 50 |
| eAPM promedio | 4.3 |
| Aldeanos / militares | 70 / 3 |
Foco
⚔️ 9.6% · 🌾 90.4%
Spearman ×3
Feudal
12:37
Castillos
16:32
Imperial
30:05
| APM promedio | 71.4 |
| APM pico | 116 |
| eAPM promedio | 38.3 |
| Aldeanos / militares | 184 / 196 |
Foco
⚔️ 31.4% · 🌾 68.6%
Skirmisher ×98 · Scout Cavalry ×84 · Unknown (1911) ×75 · Steppe Lancer ×8 · Unknown (1908) ×7 · Bombard Cannon ×4
Feudal
10:56
Castillos
14:29
Imperial
19:49
| APM promedio | 60.8 |
| APM pico | 125 |
| eAPM promedio | 35.3 |
| Aldeanos / militares | 40 / 235 |
Foco
⚔️ 63.4% · 🌾 36.6%
Hand Cannoneer ×87 · Spearman ×67 · Archer ×61 · Unknown (882) ×50 · Monk ×12 · Bombard Cannon ×6
Feudal
11:00
Castillos
15:08
Imperial
28:02
| APM promedio | 45.4 |
| APM pico | 94 |
| eAPM promedio | 28.2 |
| Aldeanos / militares | 295 / 239 |
Foco
⚔️ 15.9% · 🌾 84.1%
Skirmisher ×172 · Knight ×54 · Trebuchet (Packed) ×5 · Spearman ×4 · Longbowman ×2 · Archer ×2
Feudal
10:57
Castillos
14:41
Imperial
35:56
| APM promedio | 29.1 |
| APM pico | 62 |
| eAPM promedio | 21.9 |
| Aldeanos / militares | 127 / 251 |
Foco
⚔️ 41.8% · 🌾 58.2%
Spearman ×152 · Longbowman ×45 · Scorpion ×45 · Unknown (882) ×34 · Battering Ram ×5 · Mangonel ×2
Feudal
11:42
Castillos
16:48
Imperial
28:33
| APM promedio | 31.2 |
| APM pico | 82 |
| eAPM promedio | 14.3 |
| Aldeanos / militares | 72 / 127 |
Foco
⚔️ 32.7% · 🌾 67.3%
Genoese Crossbowman ×82 · Unknown (882) ×45 · Skirmisher ×37 · Bombard Cannon ×6 · Mangonel ×2
Mapa de la partida
Recursos iniciales + cada clic de construcción. Líneas = muros · curvas = relieve. ◆ oro · ⬟ piedra · ● bayas · ✦ reliquia · ◌ hueco del cierre
Tu base· ✓ Cerrada en 14:29 · 0t muro · 2 puerta(s)
Base de Cheetah· ✓ Cerrada en 15:47 · 0t muro · 3 puerta(s)
Base de kiyohime· ✓ Cerrada en 22:02 · 0t muro · 3 puerta(s)
Base de FavChickenNoodle· ✓ Cerrada en 16:32 · 0t muro · 2 puerta(s)
Base de Elara White· ✓ Cerrada en 14:29 · 0t muro · 2 puerta(s)
Base de Simple.204· ✓ Cerrada en 15:08 · 0t muro · 3 puerta(s)
Base de 巨炮叔叔· ✓ Cerrada en 14:41 · 0t muro · 2 puerta(s)
Base de 唐尚书右丞王维· ✓ Cerrada en 16:48 · 0t muro · 3 puerta(s)
Terreno inicial suavizado · ◌ = hueco del cierre detectado · pasá el cursor para detalles
Inputs por minuto
— Takanashi Anektea - - Cheetah
Build order — Takanashi Anektea
Primeras 150 de 423 acciones detectadas
| 0:02 | Crear | Villager (Male) |
| 0:03 | Crear | Villager (Male) |
| 0:03 | Crear | Villager (Male) |
| 0:04 | Construir | House |
| 0:05 | Construir | House |
| 0:33 | Crear | Villager (Male) |
| 1:38 | Crear | Villager (Male) |
| 1:50 | Construir | Lumber Camp |
| 2:05 | Crear | Villager (Male) |
| 2:05 | Crear | Villager (Male) |
| 2:21 | Crear | Villager (Male) |
| 2:21 | Crear | Villager (Male) |
| 2:35 | Crear | Villager (Male) |
| 2:35 | Crear | Villager (Male) |
| 2:53 | Crear | Villager (Male) |
| 3:41 | Crear | Villager (Male) |
| 3:41 | Crear | Villager (Male) |
| 3:56 | Construir | House |
| 4:00 | Crear | Villager (Male) |
| 4:00 | Crear | Villager (Male) |
| 4:07 | Construir | Mill |
| 4:29 | Crear | Villager (Male) |
| 4:52 | Crear | Villager (Male) |
| 5:11 | Construir | House |
| 5:23 | Construir | Mill |
| 5:28 | Crear | Villager (Male) |
| 5:34 | Crear | Villager (Male) |
| 5:45 | Crear | Villager (Male) |
| 5:46 | Crear | Villager (Male) |
| 7:04 | Crear | Villager (Male) |
| 7:04 | Crear | Villager (Male) |
| 7:24 | Construir | Mining Camp |
| 7:30 | Construir | Mining Camp |
| 7:43 | Crear | Villager (Male) |
| 8:13 | Investigar | Feudal Age |
| 8:44 | Construir | House |
| 9:14 | Construir | Farm |
| 9:19 | Construir | Farm |
| 9:49 | Crear | Villager (Male) |
| 10:34 | Edad | Edad Feudal |
| 10:35 | Crear | Villager (Male) |
| 10:35 | Investigar | Loom |
| 10:36 | Construir | Farm |
| 10:47 | Construir | Farm |
| 11:12 | Construir | Farm |
| 11:21 | Investigar | Loom |
| 11:28 | Investigar | Castle Age |
| 12:51 | Investigar | Double-Bit Axe |
| 12:58 | Construir | Stable |
| 13:57 | Crear | Villager (Male) |
| 13:57 | Crear | Villager (Male) |
| 14:29 | Edad | Edad de los Castillos |
| 14:29 | Crear | Knight |
| 14:36 | Crear | Villager (Male) |
| 14:38 | Construir | Town Center |
| 14:46 | Construir | Town Center |
| 14:58 | Crear | Villager (Male) |
| 15:01 | Construir | Farm |
| 15:13 | Crear | Knight |
| 15:28 | Crear | Villager (Male) |
| 15:33 | Construir | House |
| 15:49 | Crear | Villager (Male) |
| 15:53 | Crear | Villager (Male) |
| 16:08 | Crear | Villager (Male) |
| 16:08 | Crear | Villager (Male) |
| 16:29 | Crear | Villager (Male) |
| 16:30 | Crear | Villager (Male) |
| 16:31 | Construir | Farm |
| 16:32 | Construir | Farm |
| 16:32 | Construir | Farm |
| 16:32 | Construir | Farm |
| 16:32 | Construir | Farm |
| 16:32 | Construir | Farm |
| 16:38 | Crear | Villager (Male) |
| 16:49 | Construir | Monastery |
| 16:54 | Crear | Villager (Male) |
| 16:55 | Crear | Villager (Male) |
| 16:55 | Crear | Villager (Male) |
| 16:57 | Construir | Farm |
| 17:15 | Crear | Villager (Male) |
| 17:15 | Crear | Villager (Male) |
| 17:17 | Construir | Farm |
| 17:23 | Construir | Farm |
| 17:28 | Crear | Villager (Male) |
| 17:28 | Crear | Villager (Male) |
| 17:32 | Construir | Farm |
| 17:37 | Construir | Mining Camp |
| 17:38 | Crear | Monk |
| 17:57 | Crear | Villager (Male) |
| 17:58 | Crear | Villager (Male) |
| 18:03 | Construir | House |
| 18:10 | Crear | Villager (Male) |
| 18:12 | Construir | House |
| 18:24 | Investigar | Wheelbarrow |
| 18:29 | Construir | Farm |
| 18:29 | Construir | Farm |
| 18:30 | Construir | Farm |
| 18:30 | Construir | Farm |
| 18:37 | Crear | Villager (Male) |
| 18:37 | Crear | Villager (Male) |
| 18:42 | Crear | Villager (Male) |
| 18:42 | Crear | Villager (Male) |
| 18:57 | Crear | Villager (Male) |
| 18:59 | Construir | Farm |
| 18:59 | Construir | Farm |
| 18:59 | Construir | Farm |
| 19:02 | Crear | Villager (Male) |
| 19:03 | Crear | Villager (Male) |
| 19:09 | Crear | Villager (Male) |
| 19:09 | Crear | Villager (Male) |
| 19:20 | Crear | Villager (Male) |
| 19:22 | Construir | Farm |
| 19:24 | Crear | Monk |
| 19:35 | Crear | Villager (Male) |
| 19:35 | Crear | Villager (Male) |
| 19:47 | Construir | Farm |
| 19:48 | Crear | Villager (Male) |
| 19:48 | Crear | Villager (Male) |
| 19:49 | Crear | Villager (Male) |
| 19:57 | Crear | Villager (Male) |
| 19:58 | Crear | Villager (Male) |
| 20:01 | Construir | Farm |
| 20:01 | Construir | Farm |
| 20:01 | Construir | Farm |
| 20:02 | Construir | Farm |
| 20:02 | Construir | Farm |
| 20:04 | Crear | Villager (Male) |
| 20:13 | Construir | House |
| 20:16 | Construir | House |
| 20:18 | Crear | Villager (Male) |
| 20:29 | Crear | Villager (Male) |
| 20:32 | Construir | Farm |
| 20:32 | Construir | Farm |
| 20:32 | Construir | Farm |
| 20:32 | Construir | Farm |
| 20:44 | Construir | Farm |
| 21:01 | Crear | Villager (Male) ×5 |
| 21:12 | Construir | House |
| 21:16 | Construir | University |
| 21:20 | Crear | Villager (Male) |
| 21:31 | Investigar | Horse Collar |
| 21:38 | Construir | House |
| 21:40 | Construir | House |
| 21:50 | Construir | Farm |
| 21:56 | Crear | Villager (Male) |
| 22:01 | Construir | Farm |
| 22:07 | Crear | Villager (Male) |
| 22:08 | Crear | Villager (Male) |
| 22:08 | Crear | Villager (Male) |
| 22:10 | Crear | Villager (Male) |
Build order — Cheetah
Primeras 150 de 390 acciones detectadas
| 0:02 | Crear | Villager (Male) |
| 0:02 | Crear | Villager (Male) |
| 0:03 | Crear | Villager (Male) |
| 0:04 | Construir | House |
| 0:05 | Construir | House |
| 0:18 | Crear | Villager (Male) |
| 0:18 | Crear | Villager (Male) |
| 1:27 | Crear | Villager (Male) |
| 2:01 | Crear | Villager (Male) |
| 2:21 | Crear | Villager (Male) |
| 2:22 | Crear | Villager (Male) |
| 2:47 | Crear | Villager (Male) |
| 2:58 | Crear | Villager (Male) |
| 2:58 | Crear | Villager (Male) |
| 3:25 | Construir | Lumber Camp |
| 3:30 | Construir | House |
| 3:31 | Construir | House |
| 3:38 | Crear | Villager (Male) |
| 3:38 | Crear | Villager (Male) |
| 3:38 | Crear | Villager (Male) |
| 4:07 | Investigar | Double-Bit Axe |
| 4:08 | Crear | Villager (Male) |
| 4:30 | Crear | Villager (Male) |
| 4:59 | Crear | Villager (Male) |
| 5:21 | Crear | Villager (Male) |
| 5:42 | Crear | Villager (Male) |
| 5:42 | Crear | Villager (Male) |
| 6:07 | Crear | Villager (Male) |
| 6:07 | Crear | Villager (Male) |
| 6:08 | Crear | Villager (Male) |
| 6:32 | Crear | Villager (Male) |
| 6:45 | Construir | Mill |
| 7:43 | Crear | Villager (Male) |
| 7:43 | Crear | Villager (Male) |
| 7:43 | Crear | Villager (Male) |
| 7:50 | Construir | Mill |
| 8:04 | Construir | House |
| 8:05 | Construir | House |
| 8:32 | Crear | Villager (Male) |
| 8:33 | Investigar | Loom |
| 9:04 | Construir | Mining Camp |
| 9:28 | Investigar | Feudal Age |
| 10:01 | Investigar | Horse Collar |
| 10:03 | Investigar | Gold Mining |
| 11:05 | Construir | Farm |
| 11:06 | Construir | Farm |
| 11:07 | Construir | Farm |
| 11:08 | Construir | Farm |
| 11:23 | Construir | Farm |
| 11:26 | Crear | Villager (Male) |
| 11:27 | Crear | Villager (Male) |
| 12:12 | Edad | Edad Feudal |
| 12:16 | Construir | Market |
| 12:18 | Construir | Blacksmith |
| 12:58 | Construir | Lumber Camp |
| 13:07 | Investigar | Castle Age |
| 13:37 | Construir | Farm |
| 13:39 | Construir | Farm |
| 14:01 | Construir | Farm |
| 14:20 | Investigar | Bow Saw |
| 14:28 | Construir | Farm |
| 14:34 | Construir | Farm |
| 14:47 | Construir | Farm |
| 14:51 | Construir | Farm |
| 14:56 | Construir | Farm |
| 15:00 | Crear | Villager (Male) |
| 15:00 | Crear | Villager (Male) |
| 15:47 | Edad | Edad de los Castillos |
| 15:55 | Construir | Town Center |
| 16:17 | Crear | Villager (Male) |
| 16:19 | Crear | Villager (Male) |
| 16:29 | Construir | Town Center |
| 16:49 | Crear | Villager (Male) |
| 16:51 | Investigar | Wheelbarrow |
| 17:23 | Crear | Villager (Male) |
| 17:24 | Crear | Villager (Male) |
| 17:31 | Construir | House |
| 17:35 | Construir | Monastery |
| 17:42 | Crear | Villager (Male) |
| 17:52 | Investigar | Heavy Plow |
| 17:57 | Construir | Farm |
| 18:00 | Crear | Villager (Male) |
| 18:16 | Crear | Villager (Male) |
| 18:17 | Crear | Villager (Male) |
| 18:17 | Crear | Villager (Male) |
| 18:18 | Construir | Farm |
| 18:39 | Construir | House |
| 18:39 | Construir | House |
| 18:41 | Construir | House |
| 18:44 | Construir | Farm |
| 18:47 | Construir | Farm |
| 18:48 | Crear | Villager (Male) |
| 18:48 | Crear | Villager (Male) |
| 18:49 | Crear | Villager (Male) |
| 19:07 | Crear | Monk |
| 19:14 | Crear | Villager (Male) |
| 19:14 | Crear | Villager (Male) |
| 19:33 | Crear | Villager (Male) |
| 19:33 | Crear | Villager (Male) |
| 19:34 | Crear | Villager (Male) |
| 19:37 | Construir | Lumber Camp |
| 19:45 | Construir | Farm |
| 19:49 | Crear | Villager (Male) |
| 19:49 | Crear | Villager (Male) |
| 19:50 | Crear | Villager (Male) |
| 20:20 | Construir | Farm |
| 20:21 | Crear | Villager (Male) |
| 20:25 | Construir | House |
| 20:26 | Construir | House |
| 20:27 | Construir | House |
| 20:29 | Construir | House |
| 20:30 | Crear | Villager (Male) |
| 20:31 | Crear | Villager (Male) |
| 20:33 | Construir | Farm |
| 20:41 | Investigar | Hand Cart |
| 20:46 | Crear | Villager (Male) |
| 20:51 | Construir | Farm |
| 21:10 | Crear | Monk |
| 21:16 | Crear | Villager (Male) |
| 21:16 | Crear | Villager (Male) |
| 21:16 | Crear | Villager (Male) |
| 21:24 | Investigar | Stone Mining |
| 21:27 | Construir | Farm |
| 21:31 | Crear | Villager (Male) |
| 21:32 | Crear | Villager (Male) |
| 21:41 | Construir | Town Center |
| 21:52 | Crear | Villager (Male) |
| 21:53 | Crear | Villager (Male) |
| 22:01 | Crear | Villager (Male) |
| 22:02 | Crear | Villager (Male) |
| 22:19 | Construir | House |
| 22:20 | Crear | Villager (Male) |
| 22:21 | Crear | Villager (Male) |
| 22:21 | Crear | Villager (Male) |
| 22:32 | Crear | Monk |
| 22:34 | Crear | Villager (Male) |
| 22:34 | Crear | Villager (Male) |
| 22:35 | Crear | Villager (Male) |
| 22:55 | Construir | Farm |
| 22:57 | Construir | House |
| 22:59 | Crear | Villager (Male) |
| 22:59 | Crear | Villager (Male) |
| 23:00 | Crear | Villager (Male) |
| 23:08 | Crear | Villager (Male) |
| 23:09 | Crear | Villager (Male) |
| 23:09 | Crear | Villager (Male) |
| 23:14 | Construir | Farm |
| 23:17 | Construir | Farm |
| 23:19 | Construir | Farm |
| 23:20 | Construir | Farm |
Build order — kiyohime
100 acciones detectadas en el replay
| 0:04 | Crear | Villager (Male) ×4 |
| 0:04 | Crear | Villager (Male) ×4 |
| 0:04 | Crear | Villager (Male) ×4 |
| 0:10 | Construir | House |
| 0:11 | Construir | House |
| 0:12 | Construir | House |
| 0:13 | Construir | House |
| 1:38 | Investigar | Loom |
| 1:55 | Construir | Lumber Camp |
| 1:59 | Crear | Villager (Male) |
| 2:00 | Crear | Villager (Male) |
| 2:26 | Crear | Villager (Male) |
| 2:26 | Crear | Villager (Male) |
| 2:56 | Crear | Villager (Male) |
| 2:57 | Crear | Villager (Male) |
| 3:12 | Crear | Villager (Male) |
| 3:41 | Crear | Villager (Male) |
| 3:42 | Crear | Villager (Male) |
| 4:03 | Crear | Villager (Male) |
| 4:04 | Crear | Villager (Male) |
| 4:28 | Crear | Villager (Male) |
| 4:29 | Crear | Villager (Male) |
| 5:00 | Crear | Villager (Male) |
| 5:00 | Crear | Villager (Male) |
| 5:17 | Crear | Villager (Male) |
| 5:17 | Crear | Villager (Male) |
| 5:32 | Construir | Mill |
| 6:02 | Crear | Villager (Male) |
| 6:02 | Crear | Villager (Male) |
| 6:30 | Construir | Mill |
| 6:40 | Crear | Villager (Male) |
| 6:40 | Crear | Villager (Male) |
| 6:56 | Construir | House |
| 6:58 | Construir | House |
| 6:59 | Construir | House |
| 7:00 | Construir | House |
| 7:02 | Construir | House |
| 7:43 | Crear | Villager (Male) |
| 8:12 | Crear | Villager (Male) |
| 8:12 | Crear | Villager (Male) |
| 8:34 | Crear | Villager (Male) |
| 8:35 | Crear | Villager (Male) |
| 8:35 | Crear | Villager (Male) |
| 9:14 | Construir | Barracks |
| 9:52 | Crear | Villager (Male) |
| 10:15 | Crear | Villager (Male) |
| 10:15 | Crear | Villager (Male) |
| 10:24 | Crear | Villager (Male) |
| 11:27 | Crear | Villager (Male) |
| 11:36 | Construir | Mill |
| 12:00 | Investigar | Feudal Age |
| 12:07 | Construir | Mill |
| 14:10 | Edad | Edad Feudal |
| 14:12 | Investigar | Wheelbarrow |
| 14:25 | Crear | Spearman |
| 14:55 | Crear | Villager (Male) |
| 15:33 | Construir | Mill |
| 15:56 | Crear | Villager (Male) |
| 16:12 | Construir | Mining Camp |
| 16:45 | Crear | Villager (Male) |
| 16:45 | Crear | Villager (Male) |
| 17:18 | Crear | Spearman |
| 17:19 | Crear | Spearman |
| 18:05 | Construir | Blacksmith |
| 18:10 | Construir | Stable |
| 18:32 | Crear | Villager (Male) |
| 18:32 | Crear | Villager (Male) |
| 19:13 | Investigar | Castle Age |
| 19:57 | Construir | Market |
| 20:22 | Construir | Farm |
| 20:24 | Construir | Farm |
| 20:25 | Construir | Farm |
| 20:25 | Construir | Farm |
| 20:26 | Construir | Farm |
| 20:26 | Construir | Farm |
| 20:26 | Construir | Farm |
| 20:27 | Construir | Farm |
| 20:30 | Construir | Farm |
| 20:32 | Construir | Farm |
| 20:53 | Construir | Farm |
| 20:55 | Construir | Farm |
| 20:57 | Construir | Farm |
| 21:36 | Investigar | Double-Bit Axe |
| 22:02 | Edad | Edad de los Castillos |
| 22:10 | Crear | Villager (Male) |
| 22:10 | Crear | Villager (Male) |
| 22:11 | Crear | Villager (Male) |
| 22:32 | Construir | Town Center |
| 23:05 | Construir | Farm |
| 23:09 | Crear | Villager (Male) |
| 23:09 | Crear | Villager (Male) |
| 23:47 | Crear | Villager (Male) ×5 |
| 24:04 | Construir | Town Center |
| 24:19 | Construir | Farm |
| 24:50 | Investigar | Hand Cart |
| 24:51 | Investigar | Town Watch |
| 25:34 | Crear | Villager (Male) ×5 |
| 25:59 | Construir | Town Center |
| 26:23 | Crear | Villager (Male) ×5 |
| 26:46 | Construir | Town Center |
Build order — FavChickenNoodle
Primeras 150 de 545 acciones detectadas
| 0:02 | Crear | Villager (Male) |
| 0:02 | Crear | Villager (Male) |
| 0:02 | Construir | House |
| 0:04 | Construir | House |
| 0:06 | Crear | Villager (Male) |
| 0:08 | Crear | Villager (Male) |
| 1:15 | Crear | Villager (Male) |
| 1:54 | Construir | Lumber Camp |
| 1:58 | Crear | Villager (Male) |
| 1:59 | Crear | Villager (Male) |
| 2:15 | Crear | Villager (Male) |
| 2:33 | Crear | Villager (Male) |
| 2:55 | Crear | Villager (Male) |
| 3:17 | Crear | Villager (Male) |
| 3:35 | Crear | Villager (Male) |
| 3:35 | Crear | Villager (Male) |
| 3:54 | Construir | House |
| 3:55 | Crear | Villager (Male) |
| 4:16 | Construir | Mill |
| 4:28 | Crear | Villager (Male) |
| 4:56 | Crear | Villager (Male) |
| 5:15 | Construir | House |
| 5:30 | Crear | Villager (Male) |
| 5:33 | Crear | Villager (Male) |
| 5:41 | Construir | Mill |
| 6:07 | Crear | Villager (Male) |
| 6:08 | Crear | Villager (Male) |
| 6:10 | Crear | Villager (Male) |
| 6:22 | Crear | Villager (Male) |
| 6:23 | Crear | Villager (Male) |
| 6:32 | Crear | Villager (Male) |
| 6:32 | Crear | Villager (Male) |
| 6:52 | Crear | Villager (Male) |
| 6:52 | Crear | Villager (Male) |
| 7:01 | Construir | Mining Camp |
| 7:10 | Construir | Mining Camp |
| 7:15 | Crear | Villager (Male) |
| 7:23 | Construir | House |
| 7:33 | Crear | Villager (Male) |
| 7:33 | Crear | Villager (Male) |
| 7:40 | Crear | Villager (Male) |
| 7:40 | Crear | Villager (Male) |
| 7:45 | Crear | Villager (Male) |
| 7:48 | Crear | Villager (Male) |
| 8:02 | Crear | Villager (Male) |
| 8:03 | Crear | Villager (Male) |
| 8:32 | Crear | Villager (Male) |
| 8:45 | Crear | Villager (Male) |
| 8:50 | Crear | Villager (Male) |
| 9:23 | Crear | Villager (Male) |
| 9:42 | Crear | Villager (Male) |
| 10:12 | Investigar | Feudal Age |
| 10:12 | Investigar | Feudal Age |
| 11:03 | Construir | Farm |
| 11:03 | Construir | Farm |
| 11:03 | Construir | Farm |
| 11:04 | Construir | Farm |
| 11:51 | Construir | Farm |
| 11:53 | Construir | Farm |
| 12:09 | Construir | House |
| 12:36 | Crear | Villager (Male) |
| 12:37 | Edad | Edad Feudal |
| 12:50 | Construir | Market |
| 13:01 | Crear | Villager (Male) |
| 13:14 | Construir | Blacksmith |
| 13:19 | Crear | Villager (Male) |
| 13:47 | Investigar | Castle Age |
| 14:14 | Construir | House |
| 14:32 | Construir | Farm |
| 14:57 | Construir | Farm |
| 15:10 | Crear | Villager (Male) |
| 15:22 | Crear | Villager (Male) |
| 15:48 | Crear | Villager (Male) |
| 15:51 | Crear | Villager (Male) |
| 16:32 | Edad | Edad de los Castillos |
| 16:33 | Crear | Villager (Male) |
| 16:37 | Construir | Castle |
| 16:45 | Construir | Town Center |
| 16:57 | Construir | Farm |
| 16:57 | Construir | Farm |
| 16:57 | Construir | Farm |
| 16:58 | Construir | Farm |
| 17:02 | Construir | Farm |
| 17:26 | Crear | Villager (Male) |
| 17:37 | Crear | Villager (Male) |
| 17:45 | Crear | Villager (Male) |
| 18:00 | Crear | Villager (Male) |
| 18:17 | Crear | Villager (Male) |
| 18:17 | Crear | Villager (Male) |
| 18:22 | Crear | Villager (Male) |
| 18:22 | Crear | Villager (Male) |
| 18:30 | Construir | House |
| 18:35 | Crear | Villager (Male) |
| 18:57 | Crear | Villager (Male) |
| 19:01 | Crear | Unit 1908 |
| 19:01 | Investigar | Tech 996 |
| 19:05 | Crear | Unit 1908 |
| 19:21 | Crear | Villager (Male) |
| 19:25 | Construir | Farm |
| 19:25 | Construir | Farm |
| 19:25 | Construir | Farm |
| 19:26 | Construir | Farm |
| 19:26 | Construir | Farm |
| 19:28 | Crear | Villager (Male) |
| 19:36 | Crear | Unit 1908 |
| 19:39 | Crear | Villager (Male) |
| 19:46 | Construir | Town Center |
| 19:49 | Construir | Farm |
| 19:51 | Crear | Villager (Male) |
| 19:54 | Crear | Unit 1908 |
| 20:00 | Construir | Farm |
| 20:08 | Crear | Villager (Male) |
| 20:18 | Investigar | Gold Mining |
| 20:23 | Crear | Unit 1908 |
| 20:32 | Investigar | Loom |
| 20:32 | Investigar | Loom |
| 20:35 | Investigar | Scale Barding Armor |
| 20:39 | Construir | Farm |
| 20:40 | Construir | Farm |
| 20:43 | Construir | House |
| 20:46 | Crear | Unit 1908 |
| 20:46 | Crear | Unit 1908 |
| 20:51 | Construir | Farm |
| 20:51 | Crear | Villager (Male) |
| 20:52 | Crear | Villager (Male) |
| 21:05 | Crear | Villager (Male) |
| 21:05 | Crear | Villager (Male) |
| 21:20 | Construir | Barracks |
| 21:20 | Crear | Villager (Male) |
| 21:20 | Crear | Villager (Male) |
| 21:27 | Crear | Villager (Male) |
| 21:27 | Crear | Villager (Male) |
| 21:34 | Crear | Villager (Male) |
| 21:34 | Crear | Villager (Male) |
| 21:36 | Crear | Villager (Male) |
| 21:37 | Crear | Villager (Male) |
| 21:38 | Construir | Farm |
| 21:38 | Construir | Farm |
| 21:38 | Construir | Farm |
| 21:38 | Construir | Farm |
| 22:00 | Crear | Villager (Male) |
| 22:00 | Crear | Villager (Male) |
| 22:09 | Construir | Farm |
| 22:09 | Crear | Villager (Male) |
| 22:15 | Crear | Villager (Male) |
| 22:15 | Crear | Villager (Male) |
| 22:30 | Construir | Farm |
| 22:32 | Construir | Farm |
| 22:33 | Construir | Farm |
| 22:35 | Construir | Farm |
Build order — Elara White
Primeras 150 de 458 acciones detectadas
| 0:00 | Crear | Villager (Male) |
| 0:01 | Crear | Villager (Male) |
| 0:02 | Construir | House |
| 0:02 | Construir | House |
| 0:18 | Crear | Villager (Male) |
| 0:18 | Crear | Villager (Male) |
| 1:25 | Crear | Villager (Male) |
| 1:42 | Construir | Lumber Camp |
| 1:58 | Crear | Villager (Male) |
| 1:58 | Crear | Villager (Male) |
| 2:12 | Crear | Villager (Male) |
| 2:43 | Crear | Villager (Male) |
| 2:43 | Crear | Villager (Male) |
| 3:04 | Crear | Villager (Male) |
| 3:04 | Crear | Villager (Male) |
| 3:35 | Crear | Villager (Male) |
| 3:45 | Crear | Villager (Male) |
| 4:04 | Construir | House |
| 4:04 | Construir | House |
| 4:35 | Crear | Villager (Male) |
| 4:35 | Crear | Villager (Male) |
| 4:43 | Construir | Mill |
| 4:55 | Crear | Villager (Male) |
| 4:55 | Crear | Villager (Male) |
| 5:22 | Crear | Villager (Male) |
| 5:22 | Crear | Villager (Male) |
| 5:22 | Crear | Villager (Male) |
| 6:10 | Crear | Villager (Male) |
| 6:10 | Crear | Villager (Male) |
| 6:10 | Crear | Villager (Male) |
| 6:20 | Construir | Mill |
| 6:42 | Crear | Villager (Male) |
| 6:42 | Crear | Villager (Male) |
| 6:42 | Crear | Villager (Male) |
| 6:45 | Crear | Villager (Male) |
| 7:33 | Construir | Farm |
| 7:59 | Construir | Mining Camp |
| 8:32 | Investigar | Loom |
| 8:42 | Investigar | Feudal Age |
| 8:42 | Investigar | Feudal Age |
| 9:01 | Construir | House |
| 9:13 | Crear | Villager (Male) |
| 9:13 | Crear | Villager (Male) |
| 9:34 | Construir | Farm |
| 9:34 | Construir | Farm |
| 9:35 | Construir | Farm |
| 9:35 | Construir | Farm |
| 9:35 | Construir | Farm |
| 9:50 | Construir | Farm |
| 9:54 | Construir | Farm |
| 10:56 | Edad | Edad Feudal |
| 10:57 | Construir | Blacksmith |
| 10:58 | Construir | Market |
| 11:49 | Investigar | Castle Age |
| 12:14 | Construir | Farm |
| 12:36 | Construir | Farm |
| 13:31 | Crear | Villager (Male) |
| 13:31 | Crear | Villager (Male) |
| 13:31 | Crear | Villager (Male) |
| 14:29 | Edad | Edad de los Castillos |
| 14:31 | Construir | University |
| 14:35 | Construir | Monastery |
| 14:46 | Crear | Villager (Male) |
| 15:02 | Construir | House |
| 15:28 | Crear | Villager (Male) |
| 15:48 | Crear | Villager (Male) |
| 16:33 | Construir | Farm |
| 16:39 | Investigar | Imperial Age |
| 16:39 | Investigar | Imperial Age |
| 17:05 | Construir | Mining Camp |
| 17:32 | Construir | House |
| 17:41 | Crear | Monk |
| 17:51 | Crear | Monk |
| 17:54 | Construir | House |
| 17:55 | Construir | House |
| 18:01 | Investigar | Double-Bit Axe |
| 18:01 | Investigar | Double-Bit Axe |
| 18:16 | Construir | House |
| 18:17 | Construir | House |
| 18:19 | Construir | House |
| 18:20 | Construir | House |
| 18:26 | Construir | House |
| 19:24 | Construir | House |
| 19:25 | Construir | House |
| 19:32 | Construir | House |
| 19:36 | Construir | House |
| 19:37 | Construir | House |
| 19:37 | Construir | House |
| 19:39 | Crear | Villager (Male) |
| 19:49 | Edad | Edad Imperial |
| 19:53 | Construir | Feitoria |
| 19:59 | Crear | Villager (Male) |
| 20:02 | Crear | Monk |
| 20:12 | Investigar | Stone Mining |
| 20:12 | Investigar | Stone Mining |
| 20:33 | Construir | House |
| 20:34 | Construir | House |
| 20:35 | Construir | House |
| 20:35 | Construir | House |
| 21:29 | Construir | Feitoria |
| 21:33 | Investigar | Gold Mining |
| 21:33 | Investigar | Gold Mining |
| 21:35 | Construir | House |
| 21:36 | Construir | House |
| 21:46 | Construir | House |
| 21:48 | Construir | House |
| 22:25 | Investigar | Fervor |
| 22:25 | Investigar | Fervor |
| 22:43 | Construir | Feitoria |
| 22:47 | Construir | House |
| 22:51 | Construir | House |
| 22:51 | Construir | House |
| 24:03 | Construir | Feitoria |
| 24:06 | Crear | Monk |
| 24:06 | Crear | Monk |
| 24:08 | Construir | House |
| 24:08 | Construir | House |
| 24:12 | Construir | Monastery |
| 24:14 | Construir | House |
| 24:14 | Construir | House |
| 24:35 | Investigar | Town Watch |
| 24:36 | Investigar | Wheelbarrow |
| 24:36 | Investigar | Wheelbarrow |
| 24:37 | Investigar | Bow Saw |
| 24:37 | Investigar | Bow Saw |
| 24:39 | Investigar | Stone Shaft Mining |
| 24:40 | Investigar | Stone Shaft Mining |
| 24:47 | Construir | House |
| 24:48 | Construir | House |
| 25:00 | Construir | Barracks |
| 25:07 | Construir | Feitoria |
| 25:27 | Construir | House |
| 25:28 | Construir | House |
| 25:29 | Crear | Monk |
| 25:42 | Investigar | Sanctity |
| 25:42 | Investigar | Sanctity |
| 25:43 | Investigar | Fervor |
| 25:43 | Investigar | Fervor |
| 25:49 | Investigar | Padded Archer Armor |
| 25:49 | Investigar | Padded Archer Armor |
| 25:53 | Investigar | Chemistry |
| 25:53 | Investigar | Chemistry |
| 26:07 | Crear | Monk |
| 26:13 | Crear | Villager (Male) |
| 26:21 | Crear | Villager (Male) |
| 26:23 | Construir | Barracks |
| 26:26 | Construir | Farm |
| 26:26 | Construir | Farm |
| 26:26 | Construir | Farm |
| 26:26 | Construir | Farm |
Build order — Simple.204
Primeras 150 de 605 acciones detectadas
| 0:01 | Crear | Villager (Male) |
| 0:02 | Crear | Villager (Male) |
| 0:02 | Crear | Villager (Male) |
| 0:02 | Crear | Villager (Male) |
| 0:03 | Construir | House |
| 0:07 | Construir | House |
| 1:19 | Crear | Villager (Male) |
| 1:19 | Crear | Villager (Male) |
| 1:20 | Crear | Villager (Male) |
| 1:31 | Construir | Lumber Camp |
| 1:53 | Crear | Villager (Male) |
| 1:53 | Crear | Villager (Male) |
| 1:54 | Crear | Villager (Male) |
| 2:06 | Crear | Villager (Male) |
| 2:06 | Crear | Villager (Male) |
| 2:35 | Crear | Villager (Male) |
| 2:35 | Crear | Villager (Male) |
| 2:51 | Crear | Villager (Male) |
| 3:19 | Crear | Villager (Male) |
| 3:19 | Crear | Villager (Male) |
| 3:19 | Crear | Villager (Male) |
| 3:34 | Crear | Villager (Male) |
| 3:51 | Construir | House |
| 4:09 | Construir | Mill |
| 4:40 | Crear | Villager (Male) |
| 4:40 | Crear | Villager (Male) |
| 4:40 | Crear | Villager (Male) |
| 5:34 | Crear | Villager (Male) |
| 5:34 | Crear | Villager (Male) |
| 5:34 | Crear | Villager (Male) |
| 5:36 | Crear | Villager (Male) |
| 5:36 | Crear | Villager (Male) |
| 5:36 | Crear | Villager (Male) |
| 5:43 | Construir | House |
| 6:01 | Crear | Villager (Male) |
| 6:01 | Crear | Villager (Male) |
| 6:18 | Crear | Villager (Male) |
| 6:19 | Crear | Villager (Male) |
| 6:35 | Crear | Villager (Male) |
| 7:09 | Crear | Villager (Male) |
| 7:09 | Crear | Villager (Male) |
| 7:09 | Crear | Villager (Male) |
| 7:09 | Crear | Villager (Male) |
| 7:10 | Crear | Villager (Male) |
| 7:20 | Construir | Mining Camp |
| 8:48 | Investigar | Feudal Age |
| 8:48 | Investigar | Feudal Age |
| 9:26 | Construir | Farm |
| 9:32 | Construir | Farm |
| 9:56 | Construir | Farm |
| 10:00 | Construir | Farm |
| 10:06 | Construir | Farm |
| 10:13 | Construir | Mill |
| 10:33 | Crear | Villager (Male) |
| 10:33 | Crear | Villager (Male) |
| 11:00 | Edad | Edad Feudal |
| 11:02 | Construir | Blacksmith |
| 11:05 | Construir | Market |
| 11:13 | Crear | Villager (Male) |
| 11:32 | Investigar | Loom |
| 11:46 | Construir | Farm |
| 12:28 | Investigar | Castle Age |
| 12:28 | Investigar | Castle Age |
| 12:55 | Construir | Mining Camp |
| 13:28 | Investigar | Double-Bit Axe |
| 13:32 | Investigar | Horse Collar |
| 13:38 | Crear | Villager (Male) |
| 13:38 | Crear | Villager (Male) |
| 13:41 | Construir | House |
| 15:08 | Edad | Edad de los Castillos |
| 15:10 | Construir | Town Center |
| 15:13 | Crear | Villager (Male) |
| 15:13 | Crear | Villager (Male) |
| 15:13 | Crear | Villager (Male) |
| 15:14 | Crear | Villager (Male) |
| 15:14 | Crear | Villager (Male) |
| 15:14 | Crear | Villager (Male) |
| 15:15 | Crear | Villager (Male) |
| 15:15 | Crear | Villager (Male) |
| 15:15 | Crear | Villager (Male) |
| 15:29 | Crear | Villager (Male) |
| 15:46 | Construir | Town Center |
| 15:47 | Crear | Villager (Male) |
| 15:47 | Crear | Villager (Male) |
| 15:48 | Crear | Villager (Male) |
| 15:48 | Crear | Villager (Male) |
| 15:59 | Crear | Villager (Male) |
| 15:59 | Crear | Villager (Male) |
| 15:59 | Crear | Villager (Male) |
| 16:13 | Crear | Villager (Male) |
| 16:13 | Crear | Villager (Male) |
| 16:13 | Crear | Villager (Male) |
| 16:27 | Crear | Villager (Male) |
| 16:28 | Crear | Villager (Male) |
| 16:39 | Construir | Farm |
| 16:44 | Crear | Villager (Male) |
| 16:44 | Crear | Villager (Male) |
| 16:47 | Crear | Villager (Male) |
| 16:48 | Crear | Villager (Male) |
| 16:48 | Crear | Villager (Male) |
| 16:48 | Crear | Villager (Male) |
| 16:48 | Crear | Villager (Male) |
| 16:54 | Construir | Farm |
| 16:54 | Construir | Farm |
| 16:54 | Construir | Farm |
| 16:55 | Construir | Farm |
| 16:55 | Construir | Farm |
| 16:55 | Construir | Farm |
| 16:56 | Construir | Farm |
| 17:02 | Construir | Farm |
| 17:11 | Crear | Villager (Male) |
| 17:11 | Crear | Villager (Male) |
| 17:14 | Crear | Villager (Male) |
| 17:14 | Crear | Villager (Male) |
| 17:15 | Crear | Villager (Male) |
| 17:15 | Crear | Villager (Male) |
| 17:15 | Crear | Villager (Male) |
| 17:15 | Crear | Villager (Male) |
| 17:15 | Crear | Villager (Male) |
| 17:29 | Construir | Farm |
| 17:33 | Crear | Villager (Male) |
| 17:33 | Crear | Villager (Male) |
| 17:38 | Construir | House |
| 17:40 | Construir | House |
| 17:45 | Construir | Farm |
| 17:52 | Crear | Villager (Male) |
| 17:52 | Crear | Villager (Male) |
| 17:52 | Crear | Villager (Male) |
| 17:52 | Crear | Villager (Male) |
| 17:52 | Crear | Villager (Male) |
| 17:56 | Crear | Villager (Male) |
| 17:57 | Crear | Villager (Male) |
| 18:05 | Crear | Villager (Male) |
| 18:05 | Crear | Villager (Male) |
| 18:05 | Crear | Villager (Male) |
| 18:05 | Crear | Villager (Male) |
| 18:14 | Construir | Farm |
| 18:20 | Crear | Villager (Male) |
| 18:24 | Construir | Farm |
| 18:25 | Construir | Farm |
| 18:25 | Construir | Farm |
| 18:26 | Construir | Farm |
| 18:34 | Crear | Villager (Male) |
| 18:34 | Crear | Villager (Male) |
| 18:35 | Crear | Villager (Male) |
| 18:49 | Construir | Farm |
| 18:49 | Construir | Farm |
| 18:49 | Construir | Farm |
| 18:49 | Construir | Farm |
| 18:49 | Construir | Farm |
Build order — 巨炮叔叔
Primeras 150 de 563 acciones detectadas
| 0:01 | Crear | Villager (Male) |
| 0:02 | Crear | Villager (Male) |
| 0:03 | Construir | House |
| 0:04 | Construir | House |
| 0:28 | Crear | Villager (Male) |
| 0:28 | Crear | Villager (Male) |
| 1:23 | Crear | Villager (Male) |
| 1:46 | Crear | Villager (Male) |
| 1:52 | Construir | Lumber Camp |
| 2:11 | Crear | Villager (Male) |
| 2:25 | Crear | Villager (Male) |
| 2:41 | Crear | Villager (Male) |
| 3:07 | Crear | Villager (Male) |
| 3:23 | Crear | Villager (Male) |
| 3:26 | Construir | House |
| 3:27 | Construir | House |
| 4:11 | Construir | Mill |
| 4:21 | Crear | Villager (Male) |
| 4:45 | Crear | Villager (Male) |
| 4:56 | Crear | Villager (Male) |
| 5:08 | Construir | Mill |
| 5:48 | Crear | Villager (Male) |
| 5:48 | Crear | Villager (Male) |
| 5:50 | Crear | Villager (Male) |
| 6:20 | Crear | Villager (Male) |
| 7:16 | Crear | Villager (Male) |
| 7:30 | Construir | Farm |
| 7:35 | Crear | Villager (Male) |
| 7:38 | Construir | Farm |
| 7:57 | Crear | Villager (Male) |
| 8:16 | Investigar | Feudal Age |
| 8:32 | Construir | Mining Camp |
| 10:02 | Construir | House |
| 10:27 | Construir | Mining Camp |
| 10:32 | Crear | Villager (Male) |
| 10:32 | Crear | Villager (Male) |
| 10:57 | Edad | Edad Feudal |
| 11:04 | Construir | Market |
| 11:10 | Construir | Blacksmith |
| 11:49 | Construir | Farm |
| 11:53 | Construir | Farm |
| 12:01 | Investigar | Castle Age |
| 12:01 | Investigar | Castle Age |
| 12:21 | Construir | Farm |
| 12:24 | Investigar | Double-Bit Axe |
| 12:34 | Construir | House |
| 12:36 | Construir | House |
| 13:02 | Investigar | Horse Collar |
| 13:02 | Investigar | Horse Collar |
| 13:04 | Investigar | Loom |
| 13:04 | Investigar | Loom |
| 13:28 | Construir | House |
| 13:59 | Construir | House |
| 14:41 | Edad | Edad de los Castillos |
| 14:45 | Investigar | Fletching |
| 14:47 | Crear | Villager (Male) |
| 14:49 | Investigar | Bow Saw |
| 14:49 | Investigar | Bow Saw |
| 15:12 | Construir | Castle |
| 15:20 | Crear | Villager (Male) |
| 15:27 | Construir | Farm |
| 15:35 | Construir | Farm |
| 15:40 | Construir | Farm |
| 15:58 | Crear | Villager (Male) |
| 16:01 | Crear | Villager (Male) |
| 16:20 | Crear | Villager (Male) |
| 16:40 | Crear | Villager (Male) |
| 16:54 | Construir | Town Center |
| 17:06 | Crear | Villager (Male) |
| 17:09 | Construir | Farm |
| 17:16 | Crear | Longbowman |
| 17:27 | Crear | Villager (Male) |
| 17:33 | Crear | Longbowman |
| 17:35 | Crear | Longbowman |
| 17:40 | Crear | Villager (Male) |
| 17:48 | Crear | Villager (Male) |
| 17:59 | Crear | Villager (Male) |
| 18:17 | Crear | Villager (Male) |
| 18:23 | Construir | Farm |
| 18:28 | Crear | Longbowman |
| 18:35 | Crear | Villager (Male) |
| 18:42 | Construir | Farm |
| 18:48 | Construir | Farm |
| 18:51 | Construir | Farm |
| 18:53 | Crear | Villager (Male) |
| 19:05 | Crear | Villager (Male) |
| 19:10 | Construir | Farm |
| 19:19 | Construir | Farm |
| 19:22 | Construir | Farm |
| 19:27 | Crear | Villager (Male) |
| 19:31 | Construir | Farm |
| 19:33 | Crear | Villager (Male) |
| 19:39 | Crear | Villager (Male) |
| 19:43 | Crear | Longbowman |
| 19:55 | Construir | Mill |
| 19:56 | Construir | Farm |
| 19:59 | Crear | Villager (Male) |
| 20:03 | Crear | Longbowman |
| 20:15 | Construir | Farm |
| 20:19 | Crear | Villager (Male) |
| 20:22 | Crear | Longbowman |
| 20:36 | Crear | Villager (Male) |
| 20:42 | Construir | Farm |
| 20:46 | Construir | Farm |
| 20:58 | Crear | Villager (Male) |
| 21:00 | Construir | Farm |
| 21:04 | Crear | Villager (Male) |
| 21:10 | Construir | Lumber Camp |
| 21:19 | Crear | Villager (Male) |
| 21:20 | Crear | Villager (Male) |
| 21:30 | Construir | Farm |
| 21:36 | Construir | Farm |
| 21:39 | Crear | Villager (Male) |
| 21:41 | Crear | Villager (Male) |
| 21:54 | Construir | Mining Camp |
| 21:55 | Crear | Longbowman |
| 22:04 | Construir | Farm |
| 22:07 | Investigar | Wheelbarrow |
| 22:07 | Investigar | Wheelbarrow |
| 22:10 | Crear | Longbowman |
| 22:14 | Crear | Villager (Male) |
| 22:19 | Construir | Farm |
| 22:21 | Crear | Villager (Male) |
| 22:37 | Crear | Villager (Male) |
| 22:39 | Crear | Longbowman |
| 22:46 | Investigar | Town Watch |
| 22:47 | Investigar | Town Watch |
| 22:49 | Crear | Villager (Male) |
| 22:53 | Crear | Villager (Male) |
| 22:59 | Crear | Villager (Male) |
| 23:13 | Crear | Villager (Male) |
| 23:16 | Investigar | Bodkin Arrow |
| 23:16 | Investigar | Bodkin Arrow |
| 23:16 | Investigar | Padded Archer Armor |
| 23:16 | Investigar | Padded Archer Armor |
| 23:19 | Crear | Villager (Male) |
| 23:31 | Construir | Barracks |
| 23:33 | Construir | Barracks |
| 23:37 | Investigar | Scale Mail Armor |
| 23:38 | Investigar | Scale Mail Armor |
| 23:39 | Crear | Longbowman |
| 23:53 | Crear | Villager (Male) |
| 24:06 | Crear | Longbowman |
| 24:18 | Investigar | Heavy Plow |
| 24:18 | Investigar | Heavy Plow |
| 24:20 | Crear | Villager (Male) |
| 24:25 | Investigar | Hand Cart |
| 24:33 | Construir | House |
| 24:34 | Construir | House |
| 24:35 | Construir | House |
Build order — 唐尚书右丞王维
Primeras 150 de 256 acciones detectadas
| 0:06 | Construir | House |
| 0:08 | Construir | House |
| 0:11 | Crear | Villager (Male) |
| 0:11 | Crear | Villager (Male) |
| 0:11 | Crear | Villager (Male) |
| 0:12 | Crear | Villager (Male) |
| 0:12 | Crear | Villager (Male) |
| 1:19 | Crear | Villager (Male) |
| 1:20 | Crear | Villager (Male) |
| 1:53 | Crear | Villager (Male) |
| 1:53 | Crear | Villager (Male) |
| 1:53 | Crear | Villager (Male) |
| 1:54 | Investigar | Loom |
| 1:55 | Investigar | Loom |
| 2:17 | Crear | Villager (Male) |
| 2:17 | Crear | Villager (Male) |
| 2:41 | Crear | Villager (Male) |
| 2:41 | Crear | Villager (Male) |
| 2:42 | Crear | Villager (Male) |
| 2:49 | Construir | House |
| 2:50 | Construir | House |
| 3:21 | Crear | Villager (Male) |
| 3:22 | Crear | Villager (Male) |
| 3:44 | Construir | House |
| 3:52 | Crear | Villager (Male) |
| 3:52 | Crear | Villager (Male) |
| 3:55 | Construir | Lumber Camp |
| 4:06 | Crear | Villager (Male) |
| 4:06 | Crear | Villager (Male) |
| 4:06 | Crear | Villager (Male) |
| 4:47 | Crear | Villager (Male) |
| 4:47 | Crear | Villager (Male) |
| 5:10 | Construir | Mill |
| 5:21 | Crear | Villager (Male) |
| 5:39 | Crear | Villager (Male) |
| 6:15 | Crear | Villager (Male) |
| 6:29 | Construir | House |
| 6:38 | Crear | Villager (Male) |
| 6:46 | Construir | House |
| 6:53 | Construir | Mill |
| 7:01 | Crear | Villager (Male) |
| 7:20 | Crear | Villager (Male) |
| 7:27 | Construir | House |
| 7:29 | Construir | House |
| 7:45 | Construir | Mining Camp |
| 7:58 | Crear | Villager (Male) |
| 8:20 | Crear | Villager (Male) |
| 8:32 | Construir | Mining Camp |
| 8:41 | Crear | Villager (Male) |
| 9:11 | Crear | Villager (Male) |
| 9:16 | Construir | Farm |
| 9:17 | Construir | Farm |
| 9:32 | Investigar | Feudal Age |
| 9:32 | Investigar | Feudal Age |
| 10:40 | Construir | Farm |
| 10:42 | Construir | Farm |
| 11:41 | Crear | Villager (Male) |
| 11:42 | Edad | Edad Feudal |
| 11:52 | Construir | Blacksmith |
| 12:08 | Crear | Villager (Male) |
| 12:37 | Crear | Villager (Male) |
| 12:51 | Construir | Market |
| 13:01 | Crear | Villager (Male) |
| 13:24 | Crear | Villager (Male) |
| 14:08 | Investigar | Castle Age |
| 14:08 | Investigar | Castle Age |
| 14:34 | Investigar | Double-Bit Axe |
| 14:34 | Investigar | Double-Bit Axe |
| 14:49 | Construir | Farm |
| 15:12 | Construir | Farm |
| 15:21 | Investigar | Horse Collar |
| 15:21 | Investigar | Horse Collar |
| 15:32 | Investigar | Gold Mining |
| 15:32 | Investigar | Gold Mining |
| 16:06 | Construir | Barracks |
| 16:46 | Crear | Villager (Male) |
| 16:46 | Crear | Villager (Male) |
| 16:48 | Edad | Edad de los Castillos |
| 16:55 | Construir | Siege Workshop |
| 17:06 | Crear | Villager (Male) |
| 17:22 | Construir | Castle |
| 17:30 | Crear | Villager (Male) |
| 17:38 | Crear | Villager (Male) |
| 17:40 | Crear | Mangonel |
| 17:48 | Crear | Villager (Male) |
| 18:15 | Crear | Villager (Male) |
| 19:16 | Construir | Town Center |
| 19:21 | Crear | Villager (Male) |
| 19:50 | Crear | Mangonel |
| 19:53 | Crear | Villager (Male) |
| 20:18 | Crear | Villager (Male) |
| 20:22 | Construir | Farm |
| 20:23 | Construir | Farm |
| 20:45 | Construir | Farm |
| 20:45 | Construir | Farm |
| 20:49 | Crear | Villager (Male) |
| 21:02 | Crear | Villager (Male) |
| 21:03 | Crear | Villager (Male) |
| 21:11 | Construir | Farm |
| 21:19 | Crear | Villager (Male) |
| 21:24 | Construir | Farm |
| 21:39 | Crear | Villager (Male) |
| 21:48 | Construir | Farm |
| 21:52 | Crear | Villager (Male) |
| 22:00 | Construir | Farm |
| 22:15 | Crear | Villager (Male) |
| 22:26 | Investigar | Wheelbarrow |
| 22:31 | Construir | Farm |
| 22:46 | Crear | Villager (Male) |
| 22:48 | Crear | Villager (Male) |
| 22:55 | Construir | Archery Range |
| 23:18 | Crear | Villager (Male) |
| 23:21 | Crear | Villager (Male) |
| 24:02 | Crear | Villager (Male) |
| 24:11 | Construir | Farm |
| 24:19 | Construir | Farm |
| 24:25 | Crear | Villager (Male) |
| 24:35 | Construir | Farm |
| 25:06 | Investigar | Imperial Age |
| 25:07 | Investigar | Imperial Age |
| 25:27 | Crear | Genoese Crossbowman |
| 25:27 | Crear | Genoese Crossbowman |
| 25:27 | Crear | Genoese Crossbowman |
| 25:27 | Crear | Genoese Crossbowman |
| 25:40 | Construir | Castle |
| 25:49 | Construir | University |
| 26:14 | Investigar | Fletching |
| 26:14 | Investigar | Fletching |
| 26:17 | Crear | Genoese Crossbowman |
| 26:17 | Crear | Genoese Crossbowman |
| 26:25 | Crear | Genoese Crossbowman |
| 26:40 | Investigar | Hand Cart |
| 26:46 | Construir | Siege Workshop |
| 26:57 | Crear | Villager (Male) |
| 27:01 | Crear | Villager (Male) |
| 27:15 | Crear | Genoese Crossbowman |
| 27:15 | Crear | Genoese Crossbowman |
| 27:29 | Crear | Genoese Crossbowman |
| 27:29 | Crear | Genoese Crossbowman |
| 27:29 | Crear | Genoese Crossbowman |
| 27:37 | Investigar | Thumb Ring |
| 27:37 | Investigar | Thumb Ring |
| 27:55 | Investigar | Ballistics |
| 27:55 | Investigar | Ballistics |
| 28:16 | Crear | Genoese Crossbowman |
| 28:16 | Crear | Genoese Crossbowman |
| 28:18 | Crear | Genoese Crossbowman |
| 28:18 | Crear | Genoese Crossbowman |
| 28:29 | Investigar | Padded Archer Armor |
| 28:30 | Investigar | Padded Archer Armor |
Cronología de la partida
| 9:14 | kiyohime · first_building Barracks |
| 10:34 | Takanashi Anektea · age_up feudal |
| 10:56 | Elara White · age_up feudal |
| 10:57 | 巨炮叔叔 · age_up feudal |
| 11:00 | Simple.204 · age_up feudal |
| 11:42 | 唐尚书右丞王维 · age_up feudal |
| 12:12 | Cheetah · age_up feudal |
| 12:37 | FavChickenNoodle · age_up feudal |
| 12:58 | Takanashi Anektea · first_building Stable |
| 14:10 | kiyohime · age_up feudal |
| 14:29 | Takanashi Anektea · age_up castle |
| 14:29 | Elara White · age_up castle |
| 14:30 | Simple.204 · first_market_sell 100 stone |
| 14:32 | Simple.204 · first_market_buy 100 wood |
| 14:35 | Elara White · first_building Monastery |
| 14:41 | 巨炮叔叔 · age_up castle |
| 15:08 | Simple.204 · age_up castle |
| 15:12 | 巨炮叔叔 · first_building Castle |
| 15:20 | Elara White · first_market_sell 100 stone |
| 15:47 | Cheetah · age_up castle |
| 16:06 | 唐尚书右丞王维 · first_building Barracks |
| 16:06 | Elara White · first_market_buy 100 food |
| 16:32 | FavChickenNoodle · age_up castle |
| 16:37 | FavChickenNoodle · first_building Castle |
| 16:48 | 唐尚书右丞王维 · age_up castle |
| 16:49 | Takanashi Anektea · first_building Monastery |
| 16:55 | 唐尚书右丞王维 · first_building Siege Workshop |
| 17:22 | 唐尚书右丞王维 · first_building Castle |
| 17:35 | Cheetah · first_building Monastery |
| 18:10 | kiyohime · first_building Stable |
| 18:34 | Cheetah · first_market_sell 100 food |
| 19:49 | Elara White · age_up imperial |
| 21:20 | FavChickenNoodle · first_building Barracks |
| 22:00 | Simple.204 · first_building Monastery |
| 22:02 | kiyohime · age_up castle |
| 22:24 | Simple.204 · first_building Castle |
| 22:37 | 唐尚书右丞王维 · first_market_buy 100 food |
| 22:55 | 唐尚书右丞王维 · first_building Archery Range |
| 23:29 | Simple.204 · first_building Barracks |
| 23:31 | 巨炮叔叔 · first_building Barracks |
| 25:00 | Elara White · first_building Barracks |
| 25:11 | Cheetah · first_building Castle |
| 25:18 | Simple.204 · first_building Archery Range |
| 26:24 | 巨炮叔叔 · first_building Siege Workshop |
| 26:52 | Cheetah · first_building Barracks |
| 26:53 | kiyohime · resign |
| 26:54 | Elara White · first_building Archery Range |
| 27:28 | FavChickenNoodle · first_building Archery Range |
| 27:44 | Takanashi Anektea · first_building Castle |
| 27:46 | Takanashi Anektea · age_up imperial |
| 28:02 | Simple.204 · age_up imperial |
| 28:32 | Cheetah · first_building Stable |
| 28:33 | 唐尚书右丞王维 · age_up imperial |
| 29:29 | Elara White · first_building Siege Workshop |
| 30:05 | FavChickenNoodle · age_up imperial |
| 30:17 | Cheetah · age_up imperial |
| 30:30 | 唐尚书右丞王维 · first_market_sell 100 food |
| 30:39 | Elara White · first_building Castle |
| 31:04 | 巨炮叔叔 · first_building Stable |
| 33:02 | 巨炮叔叔 · first_market_buy 100 wood |
| 33:48 | FavChickenNoodle · first_market_sell 100 food |
| 34:53 | Cheetah · first_building Archery Range |
| 35:56 | 巨炮叔叔 · age_up imperial |
| 36:07 | 巨炮叔叔 · first_market_sell 100 food |
| 36:48 | Elara White · tribute_sent a jugador 1 |
| 36:48 | Elara White · tribute_sent a jugador 2 |
| 36:48 | Elara White · tribute_sent a jugador 3 |
| 36:48 | Elara White · tribute_sent a jugador 5 |
| 36:48 | Elara White · tribute_sent a jugador 6 |
| 36:48 | Elara White · tribute_sent a jugador 7 |
| 36:48 | Elara White · tribute_sent a jugador 8 |
| 36:55 | Simple.204 · tribute_sent a jugador 1 |
| 36:55 | Simple.204 · tribute_sent a jugador 2 |
| 36:55 | Simple.204 · tribute_sent a jugador 3 |
| 36:56 | Simple.204 · tribute_sent a jugador 4 |
| 36:56 | Simple.204 · tribute_sent a jugador 6 |
| 36:56 | Simple.204 · tribute_sent a jugador 7 |
| 36:56 | Simple.204 · tribute_sent a jugador 8 |
| 37:56 | Simple.204 · tribute_sent a jugador 1 |
| 37:56 | Simple.204 · tribute_sent a jugador 2 |
| 37:56 | Simple.204 · tribute_sent a jugador 3 |
| 37:56 | Simple.204 · tribute_sent a jugador 4 |
| 37:56 | Simple.204 · tribute_sent a jugador 6 |
| 37:56 | Simple.204 · tribute_sent a jugador 7 |
| 37:57 | Simple.204 · tribute_sent a jugador 8 |
| 38:15 | Elara White · tribute_sent a jugador 1 |
| 38:15 | Elara White · tribute_sent a jugador 2 |
| 38:15 | Elara White · tribute_sent a jugador 3 |
| 38:15 | Elara White · tribute_sent a jugador 5 |
| 38:15 | Elara White · tribute_sent a jugador 6 |
| 38:15 | Elara White · tribute_sent a jugador 7 |
| 38:15 | Elara White · tribute_sent a jugador 8 |
| 38:24 | Takanashi Anektea · first_building Siege Workshop |
| 39:19 | FavChickenNoodle · first_building Stable |
| 40:45 | Simple.204 · tribute_sent a jugador 1 |
| 40:45 | Simple.204 · tribute_sent a jugador 2 |
| 40:45 | Simple.204 · tribute_sent a jugador 3 |
| 40:45 | Simple.204 · tribute_sent a jugador 4 |
| 40:45 | Simple.204 · tribute_sent a jugador 6 |
| 40:45 | Simple.204 · tribute_sent a jugador 7 |
| 40:45 | Simple.204 · tribute_sent a jugador 8 |
| 41:47 | Simple.204 · wall_segment Stone Wall x1 |
| 42:40 | FavChickenNoodle · tribute_sent a jugador 1 |
| 42:40 | FavChickenNoodle · tribute_sent a jugador 2 |
| 42:40 | FavChickenNoodle · tribute_sent a jugador 4 |
| 42:40 | FavChickenNoodle · tribute_sent a jugador 5 |
| 42:40 | FavChickenNoodle · tribute_sent a jugador 6 |
| 42:40 | FavChickenNoodle · tribute_sent a jugador 7 |
| 42:40 | FavChickenNoodle · tribute_sent a jugador 8 |
| 43:04 | FavChickenNoodle · first_building Siege Workshop |
| 43:21 | Simple.204 · first_building Stable |
| 44:15 | Elara White · wall_segment Stone Wall x2 |
| 45:27 | 巨炮叔叔 · wall_segment Stone Wall x4 |
| 47:11 | Cheetah · tribute_sent a jugador 2 |
| 47:11 | Cheetah · tribute_sent a jugador 3 |
| 47:11 | Cheetah · tribute_sent a jugador 4 |
| 47:11 | Cheetah · tribute_sent a jugador 5 |
| 47:11 | Cheetah · tribute_sent a jugador 6 |
| 47:11 | Cheetah · tribute_sent a jugador 7 |
| 47:11 | Cheetah · tribute_sent a jugador 8 |
| 47:20 | 巨炮叔叔 · wall_segment Stone Wall x5 |
| 48:56 | Takanashi Anektea · first_market_buy 500 food |
| 49:30 | Simple.204 · tribute_sent a jugador 1 |
| 49:30 | Simple.204 · tribute_sent a jugador 2 |
| 49:30 | Simple.204 · tribute_sent a jugador 3 |
| 49:30 | Simple.204 · tribute_sent a jugador 4 |
| 49:30 | Simple.204 · tribute_sent a jugador 6 |
| 49:30 | Simple.204 · tribute_sent a jugador 7 |
| 49:30 | Simple.204 · tribute_sent a jugador 8 |
[ ANÁLISIS IA · 1 CRÉDITO ]
¿Qué pasó realmente en esta partida?
Wolo.gg analiza cada decisión: build order, eco, micro, errores típicos por bracket. Análisis personalizado por WhatsApp o Discord en 30 segundos.
Guía civ
Jemeres
Guía mapa
Arena
Perfil
Jugador #20161907